SAA
MYRTLE BEACH MERMEN @ GURDON PELICANS
09/06/2019
 
TOP OF THE 1ST
Myrtle Beach Mermen batting - Pitching for Gurdon Pelicans : RHP Lester Sullivan
Pitching: RHP Lester Sullivan
Batting: RHB Scott Peterson 0-0: SINGLE (Line Drive, 89M)
Batting: RHB José Caballero 0-0: Ball
1-0: Called Strike
1-1: Called Strike
1-2: Ball
2-2: Fly out, F9 (Flyball, 9S)
Batting: RHB António Ruíz 0-0: Called Strike
0-1: Ball
1-1: Ball
2-1: Ball
3-1: Base on Balls
Scott Peterson to second
Batting: LHB Yannick Hendriksen 0-0: Ball
1-0: Called Strike
1-1: Ground out 4-3 (Groundball, 4M)
Scott Peterson to third
António Ruíz to second
Batting: LHB Eddie Flynn 0-0: Called Strike
0-1: Swinging Strike
0-2: Strikes out swinging
Top of the 1st over - 0 run(s), 1 hit(s), 0 error(s), 2 left on base; Myrtle Beach 0 - Gurdon 0
BOTTOM OF THE 1ST
Gurdon Pelicans batting - Pitching for Myrtle Beach Mermen : RHP Gordon Fry
Pitching: RHP Gordon Fry
Batting: RHB Alex Maxwell 0-0: Swinging Strike
0-1: Ball
1-1: Called Strike
1-2: Strikes out swinging
Batting: RHB Tony Hernández 0-0: Ball
1-0: Ball
2-0: Bunted foul
2-1: Foul Ball, location: 2F
2-2: Hit by Pitch
Batting: RHB Micah Miller 0-0: Called Strike
0-1: Ball
1-1: Ball
2-1: Ball
3-1: Grounds into double play, 6-4-3 (Groundball, 6)
Bottom of the 1st over - 0 run(s), 0 hit(s), 0 error(s), 0 left on base; Myrtle Beach 0 - Gurdon 0
TOP OF THE 2ND
Myrtle Beach Mermen batting - Pitching for Gurdon Pelicans : RHP Lester Sullivan
Batting: RHB Javier Robles 0-0: Swinging Strike
0-1: Ball
1-1: Ball
2-1: Foul Ball, location: 2F
2-2: Foul Ball, location: 2F
2-2: Foul Ball, location: 2F
2-2: TRIPLE (Groundball, 5L)
Batting: RHB Pil-joong Pak 0-0: Ball
1-0: Fly out, F4 (Popup, 4M)
Batting: RHB Matt Love 0-0: Ball
1-0: Foul Ball, location: 2F
1-1: Ball
2-1: Ball
3-1: SINGLE (Line Drive, 9LS)
Javier Robles scores
Batting: RHB Brian Soto 0-0: Called Strike
0-1: Ball
1-1: Foul Ball, location: 2F
1-2: Fly out, F1 (Popup, 15)
Batting: RHB Scott Peterson 0-0: Foul Ball, location: 2F
0-1: Foul Ball, location: 2F
0-2: Ball
1-2: Ball
2-2: Foul Ball, location: 2F
2-2: Strikes out looking
Top of the 2nd over - 1 run(s), 2 hit(s), 0 error(s), 1 left on base; Myrtle Beach 1 - Gurdon 0
BOTTOM OF THE 2ND
Gurdon Pelicans batting - Pitching for Myrtle Beach Mermen : RHP Gordon Fry
Batting: LHB Jesús Reyes 0-0: Ball
1-0: Ball
2-0: Foul Ball, location: 2F
2-1: SINGLE (Line Drive, 78S)
Batting: SHB Lionel Merlet 0-0: Ball
Passed Ball!
Jesús Reyes to second
1-0: Ball
2-0: Ground out 4-3 (Groundball, 4)
Jesús Reyes to third
Batting: RHB Riley Howard 0-0: Ball
1-0: Fly out, F6 (Popup, 6M)
Batting: RHB Jim Unknown 0-0: Ball
1-0: Ball
2-0: Ball
3-0: Called Strike
3-1: Base on Balls
Batting: RHB Ludovico Trezza 0-0: Called Strike
0-1: Ball
1-1: Ball
2-1: Fly out, F9 (Flyball, 89M)
Bottom of the 2nd over - 0 run(s), 1 hit(s), 0 error(s), 2 left on base; Myrtle Beach 1 - Gurdon 0
TOP OF THE 3RD
Myrtle Beach Mermen batting - Pitching for Gurdon Pelicans : RHP Lester Sullivan
Batting: RHB José Caballero 0-0: Ball
1-0: Foul Ball, location: 2F
1-1: Called Strike
1-2: Strikes out swinging
Batting: RHB António Ruíz 0-0: Ball
1-0: Foul Ball, location: 2F
1-1: Ball
2-1: Ball
3-1: Called Strike
3-2: Foul Ball, location: 2F
3-2: Strikes out swinging
Batting: LHB Yannick Hendriksen 0-0: Ball
1-0: Ball
2-0: Ball
3-0: Called Strike
3-1: Foul Ball, location: 2F
3-2: Strikes out swinging
Top of the 3rd over - 0 run(s), 0 hit(s), 0 error(s), 0 left on base; Myrtle Beach 1 - Gurdon 0
BOTTOM OF THE 3RD
Gurdon Pelicans batting - Pitching for Myrtle Beach Mermen : RHP Gordon Fry
Batting: RHB Martín Álvarez 0-0: Ball
1-0: Ball
2-0: Called Strike
2-1: SINGLE (Groundball, 6MD) (infield hit)
Batting: RHB Alex Maxwell 0-0: Ball
1-0: Called Strike
Martín Álvarez steals 2nd base
1-1: Ball
2-1: Ball
3-1: Called Strike
3-2: Fly out, F8 (Flyball, 8RM)
Batting: RHB Tony Hernández 0-0: Called Strike
0-1: Ground out U3 (Groundball, 3S)
Martín Álvarez to third
Batting: RHB Micah Miller 0-0: SINGLE (Line Drive, 78S)
Martín Álvarez scores
Batting: LHB Jesús Reyes 0-0: Called Strike
Micah Miller steals 2nd base
0-1: Foul Ball, location: 2F
0-2: Ball
1-2: SINGLE (Line Drive, 89M)
Micah Miller to third
Runner from 3rd tries for Home, SAFE, no throw or cutoff
Batting: SHB Lionel Merlet 0-0: Ball
1-0: Ball
2-0: Foul Ball, location: 2F
2-1: Ball
3-1: Base on Balls
Jesús Reyes to second
Batting: RHB Riley Howard 0-0: Ball
1-0: Ball
2-0: Foul Ball, location: 2F
2-1: Fly out, F9 (Flyball, 89M)
Bottom of the 3rd over - 2 run(s), 3 hit(s), 0 error(s), 2 left on base; Myrtle Beach 1 - Gurdon 2
TOP OF THE 4TH
Myrtle Beach Mermen batting - Pitching for Gurdon Pelicans : RHP Lester Sullivan
Batting: LHB Eddie Flynn 0-0: Called Strike
0-1: Foul Ball, location: 2F
0-2: Strikes out swinging
Batting: RHB Javier Robles 0-0: Ball
1-0: Called Strike
1-1: Foul Ball, location: 2F
1-2: SINGLE (Groundball, 4MD)
Batting: RHB Pil-joong Pak 0-0: Fly out, F5 (Line Drive, 5)
Batting: RHB Matt Love 0-0: Swinging Strike
0-1: Foul Ball, location: 2F
0-2: Strikes out swinging
Top of the 4th over - 0 run(s), 1 hit(s), 0 error(s), 1 left on base; Myrtle Beach 1 - Gurdon 2
BOTTOM OF THE 4TH
Gurdon Pelicans batting - Pitching for Myrtle Beach Mermen : RHP Gordon Fry
Batting: RHB Jim Unknown 0-0: Ball
1-0: Called Strike
1-1: SINGLE (Groundball, 5D)
Batting: RHB Ludovico Trezza 0-0: Called Strike
0-1: Ball
1-1: Ball
2-1: Ball
3-1: Foul Ball, location: 2F
3-2: Fly out, F8 (Flyball, 8RS)
Batting: RHB Martín Álvarez 0-0: Called Strike
0-1: Fly out, F9 (Flyball, 9M)
Batting: RHB Alex Maxwell 0-0: Called Strike
Jim Unknown steals 2nd base
0-1: Fly out, F4 (Popup, 4D)
Bottom of the 4th over - 0 run(s), 1 hit(s), 0 error(s), 1 left on base; Myrtle Beach 1 - Gurdon 2
TOP OF THE 5TH
Myrtle Beach Mermen batting - Pitching for Gurdon Pelicans : RHP Lester Sullivan
Batting: RHB Brian Soto 0-0: Ball
1-0: SINGLE (Groundball, 56D)
Batting: RHB Scott Peterson 0-0: Ball
1-0: Ball
2-0: Bunted foul
2-1: Bunted foul
2-2: Strikes out swinging
Batting: RHB José Caballero 0-0: Called Strike
0-1: Ball
1-1: Ball
2-1: Called Strike
2-2: Fly out, F8 (Line Drive, 8LM)
Batting: RHB António Ruíz 0-0: Called Strike
Brian Soto steals 2nd base
0-1: Ball
1-1: Ball
2-1: Foul Ball, location: 2F
2-2: Ball
3-2: Fly out, F7 (Flyball, 7LMF)
Top of the 5th over - 0 run(s), 1 hit(s), 0 error(s), 1 left on base; Myrtle Beach 1 - Gurdon 2
BOTTOM OF THE 5TH
Gurdon Pelicans batting - Pitching for Myrtle Beach Mermen : RHP Gordon Fry
Batting: RHB Tony Hernández 0-0: Called Strike
0-1: Foul Ball, location: 2F
0-2: Strikes out swinging
Batting: RHB Micah Miller 0-0: Ball
1-0: SINGLE (Groundball, 6MD)
Batting: LHB Jesús Reyes 0-0: Swinging Strike
0-1: Ball
Micah Miller is caught stealing 2nd base
1-1: Swinging Strike
1-2: Foul Ball, location: 2F
1-2: Strikes out swinging
Bottom of the 5th over - 0 run(s), 1 hit(s), 0 error(s), 0 left on base; Myrtle Beach 1 - Gurdon 2
TOP OF THE 6TH
Myrtle Beach Mermen batting - Pitching for Gurdon Pelicans : RHP Lester Sullivan
Batting: LHB Yannick Hendriksen 0-0: Swinging Strike
0-1: Ball
1-1: Swinging Strike
1-2: SINGLE (Line Drive, 34D)
Batting: LHB Eddie Flynn 0-0: Called Strike
0-1: Foul Ball, location: 2F
0-2: Foul Ball, location: 2F
0-2: Ball
1-2: Ball
2-2: 2-RUN HOME RUN (Flyball, 8RXD), Distance : 420 ft
Batting: RHB Javier Robles 0-0: Fly out, F4 (Popup, 4)
Batting: RHB Pil-joong Pak 0-0: Ball
1-0: Ball
2-0: Foul Ball, location: 2F
2-1: Ground out 6-3 (Groundball, 6)
Batting: RHB Matt Love 0-0: Called Strike
0-1: Foul Ball, location: 2F
0-2: Ball
1-2: Foul Ball, location: 2F
1-2: Foul Ball, location: 2F
1-2: SINGLE (Groundball, 56D)
Pitching: RHP Karl Pratt
Batting: RHB Brian Soto 0-0: Foul Ball, location: 2F
0-1: Ball
1-1: Ball
2-1: Called Strike
2-2: Strikes out swinging
Top of the 6th over - 2 run(s), 3 hit(s), 0 error(s), 1 left on base; Myrtle Beach 3 - Gurdon 2
BOTTOM OF THE 6TH
Gurdon Pelicans batting - Pitching for Myrtle Beach Mermen : RHP Gordon Fry
Batting: SHB Lionel Merlet 0-0: Called Strike
0-1: Swinging Strike
0-2: Foul Ball, location: 2F
0-2: Ball
1-2: Foul Ball, location: 2F
1-2: Ball
2-2: Foul Ball, location: 2F
2-2: Ball
3-2: Foul Ball, location: 2F
3-2: Strikes out looking
Batting: RHB Riley Howard 0-0: Called Strike
0-1: Ball
1-1: Called Strike
1-2: Ball
2-2: Strikes out looking
Batting: RHB Jim Unknown 0-0: Ball
1-0: Foul Ball, location: 2F
1-1: Called Strike
1-2: Strikes out swinging
Bottom of the 6th over - 0 run(s), 0 hit(s), 0 error(s), 0 left on base; Myrtle Beach 3 - Gurdon 2
TOP OF THE 7TH
Myrtle Beach Mermen batting - Pitching for Gurdon Pelicans : RHP Karl Pratt
Batting: RHB Scott Peterson 0-0: Called Strike
0-1: Ball
1-1: Fly out, F9 (Flyball, 89M)
Batting: RHB José Caballero 0-0: Called Strike
0-1: Foul Ball, location: 2F
0-2: Ball
1-2: SINGLE (Groundball, 13S) (infield hit)
Pinch Hitting: RHB Álex Rodríguez 0-0: Ball
1-0: Ball
2-0: Foul Ball, location: 2F
2-1: DOUBLE (Line Drive, 8LM)
José Caballero to third
Runner from 3rd tries for Home, SAFE, throw made home
Batting: LHB Yannick Hendriksen 0-0: Intentional Walk
Pitching: LHP José Martínez
Batting: LHB Eddie Flynn 0-0: Foul Ball, location: 2F
0-1: Ball
1-1: Fly out, F7 (Flyball, 7S)
Pitching: LHP Herb Bishop
Pinch Hitting: SHB Avery Little 0-0: Swinging Strike
0-1: Swinging Strike
0-2: Strikes out swinging
Top of the 7th over - 1 run(s), 2 hit(s), 0 error(s), 2 left on base; Myrtle Beach 4 - Gurdon 2
BOTTOM OF THE 7TH
Gurdon Pelicans batting - Pitching for Myrtle Beach Mermen : RHP Gordon Fry
Now at 1B: Avery Little
Now at 3B: Álex Rodríguez
Batting: RHB Ludovico Trezza 0-0: Ball
1-0: Swinging Strike
1-1: SINGLE (Groundball, 56)
Batting: RHB Martín Álvarez 0-0: Ball
1-0: Called Strike
1-1: Ball
Wild Pitch!
Ludovico Trezza to second
2-1: Swinging Strike
2-2: Strikes out looking
Pitching: RHP Andrés Ventura
Batting: RHB Alex Maxwell 0-0: Ball
1-0: Ball
2-0: Called Strike
2-1: Called Strike
2-2: Foul Ball, location: 2F
2-2: Foul Ball, location: 2F
2-2: Ball
3-2: Base on Balls
Pinch Hitting: LHB Guillermo Martínez 0-0: Ball
1-0: Ball
2-0: DOUBLE (Groundball, 3L)
Ludovico Trezza scores
Alex Maxwell to third
Runner from 3rd tries for Home, SAFE, no throw or cutoff
Batting: RHB Micah Miller 0-0: Called Strike
0-1: Foul Ball, location: 2F
0-2: Ball
1-2: Ground out 1-3 (Groundball, 15)
Pitching: LHP Jonathon Baker
Pinch Hitting: RHB António Alvarado 0-0: Swinging Strike
0-1: Ground out 1-3 (Groundball, 23)
Bottom of the 7th over - 2 run(s), 2 hit(s), 0 error(s), 1 left on base; Myrtle Beach 4 - Gurdon 4
TOP OF THE 8TH
Myrtle Beach Mermen batting - Pitching for Gurdon Pelicans : LHP Herb Bishop
Now at 1B: Guillermo Martínez
Now at 3B: Morton Kelly
Pinch Hitting: RHB Edward Payne 0-0: Swinging Strike
0-1: Ball
1-1: Swinging Strike
1-2: Foul Ball, location: 2F
1-2: Ball
2-2: Ball
3-2: Strikes out swinging
Pinch Hitting: RHB Pedro González 0-0: Ball
1-0: Ball
2-0: Ball
3-0: Base on Balls
Pinch Hitting: RHB Glenn Salazar 0-0: Ball
1-0: Ball
2-0: Ball
3-0: Called Strike
3-1: Called Strike
3-2: Grounds into double play, 4-6-3 (Groundball, 4)
Top of the 8th over - 0 run(s), 0 hit(s), 0 error(s), 0 left on base; Myrtle Beach 4 - Gurdon 4
BOTTOM OF THE 8TH
Gurdon Pelicans batting - Pitching for Myrtle Beach Mermen : LHP Jonathon Baker
Now at 2B: Otso Tuulari
Now at SS: Mike Fleming
Now in LF: Ryan Carr
Batting: SHB Lionel Merlet 0-0: Swinging Strike
0-1: Foul Ball, location: 2F
0-2: Ball
1-2: Strikes out swinging
Batting: RHB Riley Howard 0-0: Ball
1-0: Fly out, F7 (Flyball, 7S)
Batting: RHB Jim Unknown 0-0: Called Strike
0-1: SINGLE (Popup, 9LS)
Batting: RHB Ludovico Trezza 0-0: Ball
1-0: Swinging Strike
1-1: Ball
2-1: Fly out, F4 (Popup, 4)
Bottom of the 8th over - 0 run(s), 1 hit(s), 0 error(s), 1 left on base; Myrtle Beach 4 - Gurdon 4
TOP OF THE 9TH
Myrtle Beach Mermen batting - Pitching for Gurdon Pelicans : LHP Herb Bishop
Batting: RHB Scott Peterson 0-0: Ball
1-0: Called Strike
1-1: Called Strike
1-2: Foul Ball, location: 2F
1-2: SINGLE (Groundball, 56) (infield hit)
Batting: RHB José Caballero 0-0: Bunted foul
0-1: Sac Bunt - play at first, batter OUT! 1-4
Scott Peterson to second
Batting: RHB Álex Rodríguez 0-0: Called Strike
0-1: Called Strike
0-2: Ball
1-2: Ball
2-2: 2-RUN HOME RUN (Flyball, 7D), Distance : 405 ft
Pitching: LHP Stanton Miranda
Batting: LHB Yannick Hendriksen 0-0: Ball
1-0: Ball
2-0: SOLO HOME RUN (Flyball, 9D), Distance : 379 ft
Batting: LHB Eddie Flynn 0-0: Called Strike
0-1: Foul Ball, location: 2F
0-2: Foul Ball, location: 2F
0-2: Ball
1-2: Strikes out swinging
Batting: SHB Avery Little 0-0: Ground out 5-3 (Groundball, 5)
Top of the 9th over - 3 run(s), 3 hit(s), 0 error(s), 0 left on base; Myrtle Beach 7 - Gurdon 4
BOTTOM OF THE 9TH
Gurdon Pelicans batting - Pitching for Myrtle Beach Mermen : LHP Jonathon Baker
Batting: RHB Martín Álvarez 0-0: Ball
1-0: Called Strike
1-1: SINGLE (Line Drive, 78M)
Batting: RHB Alex Maxwell 0-0: Ball
1-0: Foul Ball, location: 2F
1-1: Foul Ball, location: 2F
1-2: Strikes out looking
Batting: LHB Guillermo Martínez 0-0: SINGLE (Groundball, 34D)
Martín Álvarez to second
Runner from 2nd tries for 3rd, SAFE, no throw or cutoff
Batting: RHB Micah Miller 0-0: Ball
1-0: Ball
2-0: Ground out U3 (Groundball, 3S)
Martín Álvarez scores
Guillermo Martínez to second
Batting: RHB Morton Kelly 0-0: Hit by Pitch
Pinch Runner at 2nd Doug Rowland:
Batting: SHB Lionel Merlet 0-0: Ball
1-0: 3-RUN HOME RUN (Line Drive, 7D), Distance : 395 ft
This league is powered by Out of the Park Baseball, the baseball management simulation game for PC, Mac and Linux
Saturday, July 25th, 2015 - OOTP Baseball 15.6 Build 34